 Dungeon Crawl Stone Soup version 0.32-a0-834-geaf45d8e21 (webtiles) character file.

Game seed: 14238017060059841154

128 javelincjr the Shield-Bearer (level 4, 0/45 HPs)
             Began as a Troll Fighter on Mar 25, 2024.
             Was a Follower of Kikubaaqudgha.
             Killed by divine providence
             ... invoked by an orc priest
              (11 damage)
             ... on level 3 of the Dungeon.
             The game lasted 00:05:11 (1382 turns).

javelincjr the Shield-Bearer (Troll Fighter)        Turns: 1382, Time: 00:05:12

Health: 0/45       AC: 11    Str: 26    XL:     4   Next: 87%
Magic:  3/3        EV:  8    Int:  4    God:    Kikubaaqudgha [*.....]
Gold:   146        SH:  7    Dex:  9    Spells: 3/3 levels left

rFire   . . .        e - +2 dagger (protect)
rCold   . . .        b - +0 kite shield
rNeg    . . .        a - +0 robe
rPois   .            (helmet restricted)
rElec   .            (no cloak)
rCorr   .            (gloves unavailable)
SInv    .            (boots unavailable)
Will    .....        (no amulet)
Stlth   +            i - ring of wizardry
HPRegen 1.07/turn    (no ring)
MPRegen 0.08/turn

%: wizardry (x1)
@: under a protective aura
A: large, unfitting armour, claws 3, regeneration 1, shaggy fur 1, tough skin 1
a: Renounce Religion, Unearth Wretches


You were on level 3 of the Dungeon.
You worshipped Kikubaaqudgha.
Kikubaaqudgha was aware of your devotion.
You visited 1 branch of the dungeon, and saw 3 of its levels.

You collected 146 gold pieces.

Inventory:

Hand Weapons
 e - a +2 dagger of protection (weapon)
 g - a +1 dagger of venom
Missiles
 j - 3 curare-tipped darts (quivered)
Armour
 a - a +0 robe (worn)
 b - a +0 kite shield (worn)
Jewellery
 i - a ring of wizardry (left claw)
 o - an amulet of faith
Scrolls
 d - a scroll of teleportation {unknown}
 f - a scroll of poison {unknown}
 h - a scroll of enchant weapon {unknown}
 l - a scroll of revelation {unknown}
 m - a scroll of identify {unknown}
 n - a scroll of noise {unknown}
 q - a scroll of fog {unknown}
Potions
 c - 2 potions of might
 k - a potion of lignification {unknown}
 p - a potion of enlightenment {unknown}
 r - a potion of mutation {unknown}


   Skills:
 * Level 3.2 Fighting
 + Level 2.9 Dodging
 * Level 3.4 Shields
 * Level 3.2 Unarmed Combat


You had 3 spell levels left.
You didn't know any spells.
Your spell library contained the following spells:

 Spells                   Type           Power      Damage    Failure   Level
 Necrotise                Necr           0%         1d4       41%         1
 Sublimation of Blood     Necr           0%         N/A       54%         2
 Call Canine Familiar     Summ           0%         N/A       77%         3
 Sigil of Binding         Hex            0%         N/A       77%         3
 Tukima's Dance           Hex            0%         N/A       77%         3
 Vampiric Draining        Necr           0%         2d6       77%         3
 Animate Dead             Necr           0%         N/A       98%         4
 Dimensional Bullseye     Hex/Tloc       0%         N/A       98%         4
 Iskenderun's Mystic Bla  Conj/Tloc      0%         2d3       98%         4


Dungeon Overview and Level Annotations

Branches:
Dungeon (3/15)

Altars:
Cheibriados
Kikubaaqudgha

Shops:
D:1 :   D:2 [


Innate Abilities, Weirdness & Mutations

You are too large for most types of armour.
You have claws for hands.
Your natural rate of healing is unusually fast.
You are covered in fur. (AC +1)
You have tough skin. (AC +1)


Message History

The orc is almost dead.
You block the orc's attack.
The orc priest calls down the wrath of Beogh upon you.
Beogh smites you!
* * * LOW HITPOINT WARNING * * *
You barely miss the orc.
The orc is almost dead.
The orc hits you with a +0 mace.
* * * LOW HITPOINT WARNING * * *
The orc hits you but does no damage.
You hit the orc.
You kill the orc!
Kikubaaqudgha accepts your kill.
The orc priest hits you but does no damage.
You completely miss the orc priest.
The orc priest hits you but does no damage.
You barely miss the orc priest. The orc priest barely misses you.
You hit the orc priest.
The orc priest is lightly wounded.
The orc priest calls down the wrath of Beogh upon you.
Beogh smites you!
* * * LOW HITPOINT WARNING * * *
You hit the orc priest.
The orc priest is heavily wounded.
The orc priest begins to cast a cantrip, but forgets the words!
You hit the orc priest.
The orc priest is heavily wounded.
The orc priest barely misses you.
You hit the orc priest.
The orc priest is severely wounded.
You block the orc priest's attack.
You hit the orc priest.
The orc priest is almost dead.
The orc priest hits you but does no damage.
You hit the orc priest.
The orc priest is almost dead.
The orc priest mumbles some strange prayers to Beogh against you.
Beogh smites you!
You die...
Kikubaaqudgha rasps: You have failed me!
Welcome... death!

...............>#.#...........###
..#.####..........#............).
....# #..........#.#############
....## #..........#..###
.....###..........#<...#
......#########'#.##.#.#
.......## #.#......#
.....<..#######.####...#
................@oo#...#
..........#####.##o#...#
.......... #.# .#...# .........
#.# $#...# ......... #.# o#...#
......... #.# .#...# .........
#.# .#...# ......... #.#
.##.########### .........
#............


You could see an orc priest and 2 orcs.

Vanquished Creatures
  A bombardier beetle (D:3)
  Terence (D:3)
  2 adders (D:2)
  A dart slug (D:2)
  3 orcs
  5 ball pythons
  3 endoplasms
  4 goblins
  5 hobgoblins
  6 jackals (D:2)
  7 kobolds
  8 bats
  2 frilled lizards
  6 rats
54 creatures vanquished.

Notes
Turn   | Place    | Note
-------+----------+-------------------------------------------
     0 | D:1      | javelincjr the Troll Fighter began the quest for the Orb.
     0 | D:1      | Reached XP level 1. HP: 22/22 MP: 0/0
   137 | D:1      | Reached XP level 2. HP: 29/29 MP: 1/1
   154 | D:1      | Found Gyefir's Book Shoppe.
   360 | D:2      | Reached XP level 3. HP: 36/36 MP: 2/2
   370 | D:2      | Found Sicracux's Armour Shop.
   373 | D:2      | Found a snail-covered altar of Cheibriados.
   527 | D:2      | Found a faded altar of an unknown god.
   603 | D:2      | Prayed at the altar of an unknown god.
   603 | D:2      | Became a worshipper of Kikubaaqudgha
   603 | D:2      | Reached * piety under Kikubaaqudgha
   603 | D:2      | Received a gift from Kikubaaqudgha
  1030 | D:3      | Reached XP level 4. HP: 24/45 MP: 3/3
  1129 | D:3      | Noticed Terence
  1173 | D:3      | Killed Terence
  1382 | D:3      | Killed from afar by an orc priest

Illustrated notes

Levels and vault maps discovered:
D:1:      matt_arrival_diagonals, layout_rooms, serial_shops, shop
D:2:      layout_basic, serial_shops, nicolae_shop_waterfront,
          ebering_ecumenical_altar_rust, basic_altar
D:3:      layout_basic, uniq_terence

Skill      XL: |  1  2  3  4 |
---------------+-------------+-----
Shields        | 3 |  3.4
Fighting       | 3 |  3.2
Unarmed Combat | 3 |  3.2
Dodging        | |  2.9

Action                     |  1- 3 |  4- 6 || total
---------------------------+-------+-------++-------
  Melee: Unarmed           |    75 |       ||    75
         Dagger            |    59 |   116 ||   175
   Stab: Sleeping          |     1 |       ||     1
 Armour: Robe              |    82 |    46 ||   128
  Dodge: Dodged            |    51 |    26 ||    77
  Block: Kite shield       |    53 |    38 ||    91

Table legend: (Time is in decaauts)
 A = Elapsed time spent in this place.
 B = Non-inter-level travel time spent in this place.
 C = Inter-level travel time spent in this place.
 D = Time resting spent in this place.
 E = Time spent auto-exploring this place.
 F = Levels seen in this place.
 G = Mean time per level.
                   A        B        C        D        E       F      G
               +--------+--------+--------+--------+--------+-----+--------+
         Total |   1405 |   1395 |     10 |      0 |    925 |   3 |  468.3 |
       Dungeon |   1405 |   1395 |     10 |      0 |    925 |   3 |  468.3 |
               +--------+--------+--------+--------+--------+-----+--------+

Top non-repeatable levels by time:
     D:2: 670 daAuts
     D:3: 386 daAuts
     D:1: 348 daAuts
